 Dungeon Crawl Stone Soup version 0.26-a0-642-g67e99244d3 (webtiles) character file.

Game seed: 8110151037254845664

133627 KennyOmg the Executioner (level 16, -23/162 HPs)
             Began as a Minotaur Berserker on Sept 23, 2020.
             Was a High Priest of Trog.
             Killed from afar by a thorn hunter (33 damage)
             ... with a volley of thorns
             ... on level 4 of the Swamp.
             The game lasted 00:53:31 (32320 turns).

KennyOmg the Executioner (Minotaur Berserker)      Turns: 32320, Time: 00:53:32

Health: -23/162    AC: 21    Str: 24    XL:     16   Next: 60%
Magic:  15/15      EV: 26    Int: 14    God:    Trog [*****.]
Gold:   1711       SH:  0    Dex:  9    Spells: 15/15 levels left

rFire    . . .     SeeInvis .   a - +1 war axe (flame)
rCold    . . .     Faith    .   (no shield)
rNeg     + . .     Spirit   .   Z - +3 scale mail "Gila Tuss" {Rampage Int+7 Dex-3}
rPois    .         Reflect  .   (helmet restricted)
rElec    .         Harm     .   M - +0 cloak
rCorr    .         Rampage  +   q - +3 pair of gauntlets of War {Slay+5}
MR       ++...                  J - +0 pair of boots
Stlth    ..........             A - amulet of the acrobat
HPRegen  0.37/turn              l - ring of protection from magic
MPRegen  0.14/turn              U - ring of positive energy

@: marked, acrobat, very slow
A: retaliatory headbutt, horns 2
a: Berserk, Trog's Hand, Brothers in Arms, Renounce Religion


You were on level 4 of the Swamp.
You worshipped Trog.
Trog was extremely pleased with you.
You visited 4 branches of the dungeon, and saw 27 of its levels.
You also visited: Ossuary.

You collected 2981 gold pieces.
You spent 1270 gold pieces at shops.

Inventory:

Hand Weapons
 a - a +1 war axe of flaming (weapon)
   (You took it off an orc warrior on level 9 of the Dungeon)
 b - the +3 executioner's axe of Calamity {vorpal, rPois rF+}
   (Trog gifted it to you on level 10 of the Dungeon)

   It inflicts extra damage upon your enemies.
   It protects you from fire.
   It protects you from poison.
 e - the +10 quarterstaff of Might {vorpal, rElec rC+}
   (You found it on level 4 of the Lair of Beasts)

   It inflicts extra damage upon your enemies.
   It protects you from cold.
   It insulates you from electricity.
 i - the +8 frozen axe "Frostbite" {freezing cloud, *Noise +Fly rC+}
   (You bought it in a shop on level 2 of the Orcish Mines)

   It has been specially enchanted to freeze those struck by it, causing extra
   injury to most foes and up to half again as much damage against particularly
   susceptible opponents.
   It can also slow down cold-blooded creatures.
   It protects you from cold.
   It lets you fly.
   It may make noises in combat.
Missiles
 r - 18 poisoned darts (quivered)
 B - 12 javelins
 N - 7 curare-tipped darts {!f}
Armour
 q - the +3 pair of gauntlets of War (worn) {Slay+5}
   (You found it on level 2 of the Dungeon)

   It affects your accuracy and damage with ranged weapons and melee attacks
   (+5).
 J - a +0 pair of boots (worn)
   (You found it on level 14 of the Dungeon)
 M - a +0 cloak (worn)
   (You found it on level 13 of the Dungeon)
 Z - the +3 scale mail "Gila Tuss" (worn) {Rampage Int+7 Dex-3}
   (You found it on level 5 of the Lair of Beasts)

   It affects your intelligence (+7).
   It affects your dexterity (-3).
   It bestows one free step when moving towards enemies.
Jewellery
 l - a ring of protection from magic (left hand)
   (You found it on level 12 of the Dungeon)
 A - an amulet of the acrobat (around neck)
   (You found it on level 15 of the Dungeon)
 I - an uncursed ring of flight
   (You found it on level 13 of the Dungeon)
 P - a +4 ring of protection
   (You found it on level 4 of the Dungeon)
 Q - an uncursed ring of protection from magic
   (You found it on level 14 of the Dungeon)
 U - a ring of positive energy (right hand)
   (You found it on level 2 of the Lair of Beasts)
Wands
 d - a wand of iceblast (18)
   (You found it on level 11 of the Dungeon)
 t - a wand of flame (50)
   (You found it on level 2 of the Dungeon)
 u - a wand of paralysis (26)
   (You found it on level 8 of the Dungeon)
 v - a wand of digging (15)
   (You found it on level 11 of the Dungeon)
 x - a wand of acid (29)
   (You found it on level 12 of the Dungeon)
 y - a wand of enslavement (10)
   (You found it on level 3 of the Dungeon)
 H - a wand of polymorph (16)
   (You found it on level 1 of the Lair of Beasts)
Scrolls
 c - 13 scrolls of teleportation {@r4}
 f - 4 scrolls of fear
 h - 5 scrolls of immolation {!r}
 j - a scroll of fog
 m - 6 scrolls of enchant weapon
 p - 7 scrolls of magic mapping
 D - 3 scrolls of blinking
 G - 8 scrolls of identify {@r1}
 L - 3 scrolls of vulnerability {!r}
 O - 2 scrolls of enchant armour
 S - 2 scrolls of summoning
 T - 20 scrolls of remove curse {@r2}
 W - a scroll of brand weapon
Potions
 g - 8 potions of mutation {!q}
 k - a potion of resistance
 n - 12 potions of curing {@q1}
 o - 6 potions of haste {@q3}
 s - a potion of heal wounds {@q2}
 w - 5 potions of stabbing
 z - 4 potions of cancellation
 C - 7 potions of lignification {!q}
 F - 3 potions of berserk rage
 K - 5 potions of flight
 R - 3 potions of magic
 X - 6 potions of ambrosia
 Y - 6 potions of might


   Skills:
 + Level 19.8 Fighting
 * Level 23.5 Axes
 + Level 17.0 Armour
 - Level 2.4 Dodging


You had 15 spell levels left.
You didn't know any spells.
Your spell library was empty.

Dungeon Overview and Level Annotations

Branches:
Dungeon (15/15)            Temple (0/1) D:4            Lair (6/6) D:9
  Swamp (4/4) Lair:2       Spider (0/4) Lair:4        Slime (0/5) Lair:6
    Orc (2/2) D:11            Elf (0/3) Orc:2        Vaults (0/5) D:13
 Depths (0/5) D:15        Ossuary (visited)

Altars:
Ashenzari
Cheibriados
Gozag
Kikubaaqudgha
Makhleb
Okawaru
Sif Muna
Trog
Vehumet
Xom
Yredelemnul
Zin
Beogh
Jiyva

Shops:
D:8 ?   D:9 =   D:10 =   D:15 ?   Orc:2 (([?

Annotations:
D:11 2 transporters, Ewexiemm's ghost, journeyman OgAM
D:13 1 runed translucent door
Lair:6 1 runed translucent door


Innate Abilities, Weirdness & Mutations

You reflexively headbutt those who attack you in melee.
You have a pair of horns on your head.


Message History

You burn the cane toad.
A swamp worm comes into view.
The swamp worm bites you!
* * * LOW HITPOINT WARNING * * *
The cane toad stings you!
* * * LOW HITPOINT WARNING * * *
You chop the swamp worm into pieces!!! You burn the swamp worm.
You kill the swamp worm!
Trog accepts your kill.
You slash the cane toad! You burn the cane toad.
You kill the cane toad!
Trog accepts your kill.
The swamp worm fires a harpoon shot at you.
The harpoon shot hits you.
* * * LOW HITPOINT WARNING * * *
You are yanked forward by the harpoon shot.
Splash!
You fall into the shallow water.
Moving in this stuff is going to be slow.
Found 9 stones.
Your unstable footing causes you to fumble your attack.
You slash the swamp worm! You burn the swamp worm.
Your headbutt misses the swamp worm. The swamp worm completely misses you.
You hit the swamp worm. You burn the swamp worm.
The swamp worm closely misses you.
A swamp drake comes into view.
You slash the swamp worm! You burn the swamp worm.
You kill the swamp worm!
Trog accepts your kill.
The swamp drake breathes noxious fumes at you.
A swamp dragon, a shadow and a thorn hunter come into view.
You are engulfed in noxious fumes.
* * * LOW HITPOINT WARNING * * *
You enter the shallow water.
Moving in this stuff is going to be slow.
The thorn hunter fires a volley of thorns at you.
The volley of thorns misses you. Why would you want to do that?
You slice the thorn hunter!! You burn the thorn hunter.
You headbutt the thorn hunter, but do no damage.
The thorn hunter hits you!
* * * LOW HITPOINT WARNING * * *
The thorn hunter hits you but does no damage.
The swamp drake breathes noxious fumes at you.
The noxious blast engulfs the thorn hunter but does no damage.
You are engulfed in noxious fumes.
* * * LOW HITPOINT WARNING * * *
The thorn hunter fires a volley of thorns at you.
The volley of thorns hits you!!
You die...

≈≈≈≈≈≈≈ ...≈.
≈≈≈§≈≈≈ .≈≈≈≈
..≈≈.≈≈ ≈≈≈≈≈
≈.≈≈.≈≈ ≈≈≈.≈
○W≈D(.. .≈≈≈.
♣♣♣♣♣♣○≈≈k≈.≈
.≈≈≈.
♣♣.†♣○f○♣ ≈≈
♣..≈§○○○♣
♣♣♣.@≈○○♣
♣≈.≈.♣♣♣
♣♣♣♣♣≈§ .≈.♣
...♣ ≈..♣
♣≈♣♣


You could see a thorn hunter, a swamp dragon and a shadow.

Vanquished Creatures
  Saint Roka (Orc:2)
  2 thorn hunters
  A death ooze (Lair:3)
  Snorg (D:13)
  The ghost of Akustiub the Devastator, a journeyman TeCj of Vehumet (Lair:3)
  Fannar (Lair:2)
  3 vault guards (D:13)
  A rakshasa (D:15)
  7 hydras
  A shambling mangrove (Swamp:1)
  7 two-headed ogres
  A catoblepas (D:15)
  Erica (Lair:1)
  6 alligators
  3 death yaks (Lair:6)
  4 centaur warriors
  2 ogre magi (D:15)
  8 spriggans
  Sonja (Lair:2)
  Urug (Lair:2)
  A deep elf knight (D:13)
  9 skeletal warriors
  A flayed ghost (D:13)
  4 unseen horrors
  A swamp dragon (Lair:6)
  3 spriggan druids
  A phantasmal warrior (D:15)
  2 lindwurms (Lair:6)
  2 wizards
  4 orc knights
  21 ugly things
  A necromancer (D:15)
  A deep elf archer (D:13)
  2 oklob plants
  The ghost of PentaManta the Chopper, a novice FoAK of Lugonu (D:5)
  4 orc sorcerers
  A wolf spider (D:13)
  A stone giant zombie (D:15)
  4 cyclopes
  A tengu skeleton (D:15)
  2 manticores
  Joseph (Lair:1)
  5 black mambas
  The ghost of Colgate the Ruffian, a novice TrTm of Qazlal (D:5)
  3 elephants
  5 torpor snails (Lair:6)
  A kobold demonologist (D:13)
  2 gargoyles
  11 komodo dragons
  20 cane toads
  A rime drake (Lair:6)
  2 yaktaurs (D:13)
  A yaktaur (shapeshifter) (D:13)
  A yaktaur skeleton (D:15)
  An elf skeleton (D:15)
  A harpy zombie (D:15)
  2 tengu conjurers
  A guardian mummy (D:15)
  A meliai (D:13)
  7 trolls
  A meliai (shapeshifter) (D:15)
  17 hornets
  4 polar bears
  A jumping spider (Lair:4)
  11 tyrant leeches
  Grinder (D:3)
  14 blink frogs
  5 bog bodies
  2 slime creatures (Lair:3)
  6 dream sheep (Lair:4)
  A hippogriff (shapeshifter) (D:13)
  A centaur simulacrum (D:13)
  11 hippogriffs
  7 wyverns
  Sigmund (D:5)
  A shadow (D:15)
  A wraith (D:11)
  53 yaks
  4 basilisks
  Eustachio (D:4)
  4 steam dragons
  19 vampire mosquitoes
  Menkaure (D:2)
  6 insubstantial wisps
  6 wargs
  3 acid dragons
  12 swamp worms
  6 porcupines
  10 water moccasins
  2 black bears
  7 swamp drakes
  2 ice beasts
  28 orc warriors
  4 sky beasts
  A hornet zombie (D:15)
  A necrophage (D:13)
  19 ogres
  11 centaurs
  2 phantoms (D:9)
  10 wolves
  10 crocodiles
  2 big kobolds
  Blork the orc (D:4)
  22 bullfrogs
  6 jellies
  3 scorpions
  4 wyvern skeletons
  19 killer bees
  3 electric eels
  8 wights
  2 howler monkeys
  2 bullfrog zombies
  2 centaur zombies
  5 bullfrog skeletons
  5 hounds
  19 orc priests
  8 centaur skeletons
  30 orc wizards
  6 iguanas
  14 worker ants
  A hound zombie (D:5)
  A hound skeleton (D:5)
  8 mummies (Ossuary)
  A worker ant zombie (D:7)
  4 gnolls (D:2)
  18 adders
  2 shadow imps
  5 white imps
  An ooze (D:1)
  2 adder zombies
  3 adder skeletons
  A worm (D:3)
  The ghost of brujo666 the Sneak, a weakling HODe (D:5)
  9 leopard geckos
  95 orcs
  A ball python (D:7)
  8 giant cockroaches
  6 hobgoblins
  14 jackals
  11 kobolds
  5 quokkas
  3 bats
  5 frilled lizards
  7 goblins
  2 hobgoblin zombies
  4 kobold zombies (Ossuary)
  A leopard gecko skeleton (D:2)
  3 orc zombies (Ossuary)
  A quokka zombie (D:8)
  8 rats
886 creatures vanquished.

Vanquished Creatures (collateral kills)
  A fire dragon (Lair:6)
  2 meliai (D:13)
  A queen bee (D:13)
  A basilisk (Lair:6)
  An acid dragon (Lair:6)
  2 orc warriors (Orc:2)
  8 killer bees (D:13)
  An orc priest (Orc:2)
  An orc wizard (Orc:2)
  4 orcs (Orc:2)
22 creatures vanquished.

Vanquished Creatures (others)
  12 fungi
  28 plants
  6 withered plants
46 creatures vanquished.

Grand Total: 954 creatures vanquished

Notes
Turn   | Place    | Note
-------+----------+-------------------------------------------
     0 | D:1      | KennyOmg the Minotaur Berserker began the quest for the
                  | Orb.
     0 | D:1      | Reached XP level 1. HP: 19/19 MP: 0/0
   220 | D:1      | Reached skill level 4 in Axes
   225 | D:1      | Reached XP level 2. HP: 13/26 MP: 1/1
   989 | D:2      | Reached skill level 5 in Axes
   989 | D:2      | Reached XP level 3. HP: 25/31 MP: 2/2
  1476 | D:2      | Found a faded altar of an unknown god.
  1493 | D:2      | Reached skill level 6 in Axes
  1493 | D:2      | Reached XP level 4. HP: 39/39 MP: 3/3
  1606 | D:2      | Reached ** piety under Trog
  1852 | D:2      | Found a basalt altar of Yredelemnul.
  1853 | D:2      | Found an ancient bone altar of Kikubaaqudgha.
  1854 | D:2      | Found the +3 pair of gauntlets of War {Slay+5}
  1855 | D:2      | Noticed Menkaure
  1871 | D:2      | Found a transporter.
  1882 | D:2      | Found a transporter.
  1918 | D:2      | Killed Menkaure
  1918 | D:2      | Reached skill level 7 in Axes
  1918 | D:2      | Reached XP level 5. HP: 45/45 MP: 4/4
  2350 | D:3      | Noticed Grinder
  2353 | D:3      | Paralysed by Grinder for 7 turns
  2363 | D:3      | Killed Grinder
  2363 | D:3      | Reached skill level 9 in Axes
  2363 | D:3      | Reached XP level 6. HP: 28/51 MP: 5/5
  2727 | D:3      | Found an opulent altar of Gozag.
  3415 | D:4      | Noticed Eustachio
  3431 | D:4      | Killed Eustachio
  3431 | D:4      | Reached XP level 7. HP: 53/57 MP: 4/6
  3581 | D:4      | Reached skill level 10 in Axes
  3609 | D:4      | Noticed Blork the orc
  3612 | D:4      | Killed Blork the orc
  3735 | D:4      | Found a staircase to the Ecumenical Temple.
  3744 | D:4      | Noticed a hippogriff
  3752 | D:4      | Killed a hippogriff
  3752 | D:4      | Reached skill level 11 in Axes
  4062 | D:5      | Entered Level 5 of the Dungeon
  4070 | D:5      | Found a glowing silver altar of Zin.
  4070 | D:5      | Found a shimmering blue altar of Sif Muna.
  4070 | D:5      | Found a snail-covered altar of Cheibriados.
  4091 | D:5      | Reached XP level 8. HP: 64/64 MP: 7/7
  4108 | D:5      | Reached *** piety under Trog
  4128 | D:5      | Found a sand-covered staircase.
  4136 | Ossuary  | Entered an ossuary
  4415 | D:5      | Reached skill level 12 in Axes
  4657 | D:5      | Noticed Sigmund
  4663 | D:5      | Killed Sigmund
  5066 | D:5      | Reached **** piety under Trog
  5096 | D:5      | Reached skill level 13 in Axes
  5339 | D:5      | Found a runed translucent gate.
  5339 | D:5      | Found a runed translucent gate.
  5349 | D:5      | Found a runed translucent gate.
  5349 | D:5      | Noticed Colgate's ghost (novice TrTm)
  5349 | D:5      | Noticed brujo666's ghost (weakling HODe)
  5350 | D:5      | Noticed PentaManta's ghost (novice FoAK)
  5413 | D:5      | Killed PentaManta's ghost
  5413 | D:5      | Reached XP level 9. HP: 70/70 MP: 8/8
  5414 | D:5      | Killed brujo666's ghost
  5417 | D:5      | Killed Colgate's ghost
  5417 | D:5      | Reached skill level 14 in Axes
  5718 | D:6      | Reached skill level 15 in Axes
  6179 | D:6      | Found a burning altar of Makhleb.
  7028 | D:7      | Noticed a manticore
  7360 | D:7      | Found a transporter.
  7371 | D:7      | Reached skill level 16 in Axes
  7446 | D:7      | Found a transporter.
  7451 | D:7      | Killed a manticore
  7451 | D:7      | Reached XP level 10. HP: 77/80 MP: 7/9
  7468 | D:7      | Reached ***** piety under Trog
  7510 | D:7      | Reached skill level 5 in Fighting
  7686 | D:8      | Noticed a two-headed ogre
  7694 | D:8      | Killed a two-headed ogre
  7694 | D:8      | Reached skill level 5 in Armour
  7909 | D:8      | Found Neox's Magic Scroll Boutique.
  7920 | D:8      | Found an iron altar of Okawaru.
  7941 | D:8      | Found a shimmering altar of Xom.
  7991 | D:8      | Found a radiant altar of Vehumet.
  8436 | D:9      | Found a staircase to the Lair.
  8436 | D:9      | Noticed an elephant
  8448 | D:9      | Killed an elephant
  8517 | D:9      | Found Huffa's Jewellery Boutique.
  8634 | D:9      | Got a pitted ring mail
  8645 | D:9      | Identified the cursed +1 ring mail of Perfidy {rPois Str+3
                  | Slay+2} (You found it on level 9 of the Dungeon)
  8675 | D:9      | Reached XP level 11. HP: 74/95 MP: 8/10
  9445 | D:10     | Entered Level 10 of the Dungeon
  9828 | D:10     | Found Hayv's Jewellery Shoppe.
 10159 | D:10     | Received a gift from Trog
 10162 | D:10     | Got a warped executioner's axe {god gift}
 10163 | D:10     | Identified the +3 executioner's axe of Calamity {vorpal,
                  | rPois rF+} (Trog gifted it to you on level 10 of the
                  | Dungeon)
 10794 | D:11     | Reached skill level 10 in Fighting
 11168 | D:11     | Reached skill level 10 in Armour
 11473 | D:11     | Found a bloodstained altar of Trog.
 11473 | D:11     | Noticed a two-headed ogre
 11473 | D:11     | Noticed Ewexiemm's ghost (journeyman OgAM)
 11474 | D:11     | Noticed a two-headed ogre
 11476 | D:11     | Found a transporter.
 11512 | D:11     | Noticed a green ugly thing
 11520 | D:11     | Killed a green ugly thing
 11580 | D:11     | Found a transporter.
 11816 | D:11     | Found a staircase to the Orcish Mines.
 12418 | D:12     | Noticed a red ugly thing
 12421 | D:12     | Noticed a white ugly thing
 12425 | D:12     | Killed a red ugly thing
 12432 | D:12     | Killed a white ugly thing
 12432 | D:12     | Reached XP level 12. HP: 16/110 MP: 2/11
 12866 | D:12     | Noticed a two-headed ogre
 12871 | D:12     | Killed a two-headed ogre
 12985 | D:12     | Reached skill level 17 in Axes
 13147 | D:12     | Received a gift from Trog
 13527 | D:13     | Noticed a centaur warrior
 13533 | D:13     | Killed a centaur warrior
 13617 | D:13     | Noticed a vault guard
 13632 | D:13     | Noticed Snorg
 13639 | D:13     | Killed Snorg
 14090 | D:13     | Found a runed translucent door.
 14092 | D:13     | Noticed a tengu reaver
 14093 | D:13     | Noticed an ettin
 14122 | D:13     | Noticed a centaur warrior
 14129 | D:13     | Reached skill level 18 in Axes
 14134 | D:13     | Killed a centaur warrior
 14503 | D:13     | Noticed a vault guard
 14685 | D:13     | Killed a vault guard
 14685 | D:13     | Reached XP level 13. HP: 101/119 MP: 9/12
 15362 | D:13     | Found a gate to the Vaults.
 15953 | D:13     | Identified a scroll of acquirement
 15953 | D:13     | Acquired a manual of Fighting
 15990 | D:14     | Reached skill level 19 in Axes
 16007 | D:14     | Received a gift from Trog
 17236 | D:15     | Entered Level 15 of the Dungeon
 17646 | D:15     | Reached XP level 14. HP: 90/133 MP: 8/13
 17648 | D:15     | Found a staircase to the Depths.
 17672 | D:15     | Reached skill level 15 in Fighting
 17672 | D:15     | Reached skill level 20 in Axes
 18808 | D:15     | Received a gift from Trog
 19000 | D:15     | Found Asmu's Magic Scroll Shop.
 19303 | Lair:1   | Entered Level 1 of the Lair of Beasts
 19570 | Lair:1   | Got a sparkling granite ring
 19582 | Lair:1   | Identified the ring "Wuexi" {rPois Str-4 Int+2 Dex+2} (You
                  | found it on level 1 of the Lair of Beasts)
 19860 | Lair:1   | Noticed Erica
 19871 | Lair:1   | Killed Erica
 19871 | Lair:1   | Reached skill level 21 in Axes
 19970 | Lair:1   | Noticed Joseph
 19981 | Lair:1   | Killed Joseph
 20198 | Lair:2   | Noticed Fannar
 20213 | Lair:2   | Killed Fannar
 20277 | Lair:2   | Found a staircase to the Swamp.
 20407 | Lair:2   | Noticed Sonja
 20431 | Lair:2   | Killed Sonja
 20673 | Lair:2   | Reached skill level 15 in Armour
 20766 | Lair:2   | Noticed Urug
 20775 | Lair:2   | Killed Urug
 21499 | Lair:3   | Received a gift from Trog
 21512 | Lair:3   | Reached XP level 15. HP: 138/147 MP: 14/14
 21560 | Lair:3   | You fall into a shaft and drop 2 floors!
 21737 | Lair:5   | Got a jet-encrusted scale mail
 21748 | Lair:5   | Identified the +3 scale mail "Gila Tuss" {Rampage Int+7
                  | Dex-3} (You found it on level 5 of the Lair of Beasts)
 22435 | Lair:4   | Found a hole to the Spider Nest.
 23313 | Lair:4   | Got a pitted quarterstaff
 23314 | Lair:4   | Identified the +10 quarterstaff of Might {vorpal, rElec
                  | rC+} (You found it on level 4 of the Lair of Beasts)
 23754 | Lair:3   | Found a runed translucent gate.
 23754 | Lair:3   | Found a runed translucent gate.
 23754 | Lair:3   | Found a runed translucent gate.
 23762 | Lair:3   | Noticed Akustiub's ghost (journeyman TeCj)
 23764 | Lair:3   | Found a viscous altar of Jiyva.
 23775 | Lair:3   | Killed Akustiub's ghost
 24345 | Lair:6   | Entered Level 6 of the Lair of Beasts
 24406 | Lair:6   | Reached skill level 22 in Axes
 24953 | Lair:6   | Found a shattered altar of Ashenzari.
 25041 | Lair:6   | Reached ****** piety under Trog
 25337 | Lair:6   | Found a staircase to the Slime Pits.
 25337 | Lair:6   | Found a viscous altar of Jiyva.
 25975 | Lair:6   | Found a runed translucent door.
 26015 | Lair:6   | Received a gift from Trog
 26801 | Orc:1    | Entered Level 1 of the Orcish Mines
 27265 | Orc:2    | Entered Level 2 of the Orcish Mines
 27279 | Orc:2    | Found a roughly hewn altar of Beogh.
 27279 | Orc:2    | Found a staircase to the Elven Halls.
 27407 | Orc:2    | Found a roughly hewn altar of Beogh.
 27444 | Orc:2    | Found a roughly hewn altar of Beogh.
 27663 | Orc:2    | Found a roughly hewn altar of Beogh.
 27664 | Orc:2    | Found Rutall's Magic Scroll Shoppe.
 27722 | Orc:2    | Received a gift from Trog
 27730 | Orc:2    | Noticed Saint Roka
 27751 | Orc:2    | HP: 4/226 [Saint Roka/divine providence (14)]
 27752 | Orc:2    | Killed Saint Roka
 27752 | Orc:2    | Reached XP level 16. HP: 4/160 MP: 15/15
 28002 | Orc:2    | Found Pagunt's Antique Weapon Boutique.
 28012 | Orc:2    | Found Ysoew's Antique Armour Shop.
 28023 | Orc:2    | Found a roughly hewn altar of Beogh.
 28282 | Orc:2    | Found a roughly hewn altar of Beogh.
 28488 | Orc:2    | Found a roughly hewn altar of Beogh.
 28488 | Orc:2    | Found Zoanilergh's Weapon Shoppe.
 28522 | Orc:2    | Bought the +8 frozen axe "Frostbite" {freezing cloud,
                  | *Noise +Fly rC+} for 1270 gold pieces
 28522 | Orc:2    | Found the +8 frozen axe "Frostbite" {freezing cloud, *Noise
                  | +Fly rC+}
 28769 | Swamp:1  | Entered Level 1 of the Swamp
 29063 | Swamp:1  | Reached skill level 23 in Axes
 30489 | Swamp:2  | Received a gift from Trog
 31291 | Swamp:3  | Noticed a thorn hunter
 31302 | Swamp:3  | Killed a thorn hunter
 31996 | Swamp:4  | Entered Level 4 of the Swamp
 32041 | Swamp:4  | Noticed a thorn hunter
 32061 | Swamp:4  | Killed a thorn hunter
 32317 | Swamp:4  | Noticed a thorn hunter
 32320 | Swamp:4  | Killed from afar by a thorn hunter

Illustrated notes

Levels and vault maps discovered:
D:1:      minmay_arrival_stone_box, layout_loops_corners, minmay_hedge_maze,
          minmay_three_crescents
D:2:      layout_loops_ring, gammafunk_temple_of_torment,
          chequers_ecumenical_altar_island, minivault_19
D:3:      layout_basic, corexii_corridor_pit,
          nicolae_gozag_cash_rules_everything_around_me, uniq_grinder
D:4:      layout_loops_cross, minmay_temple_entry_large_hall, uniq_eustachio,
          uniq_blork_the_orc
D:5:      layout_loops_corners, gammafunk_temple_overflow_claw,
          gammafunk_ghost_cemetery, enter_ossuary_3, uniq_sigmund
D:6:      layout_cave_pods, lightli_temple_of_fire
D:7:      gammafunk_the_bubble [the_bubble_gammafunk_grid], layout_gridville,
          kennysheep_generic_room_13
D:8:      layout_rooms, old_standard_altar, okawaru_ov_weapons_minmay,
          basic_altar, serial_shops, shop
D:9:      layout_gridville, david_lair_generic, serial_shops, shop,
          serial_glass, glass_columns_c, glass_columns_a
D:10:     layout_loops_corners, serial_shops, shop
D:11:     layout_long_grid, minmay_orc_entry_guard_dogs,
          serial_co_window_serial, co_window_paths_b, co_window_corner_a,
          co_window_paths_a, co_window_of_opportunity_a, co_window_corner_a,
          co_window_of_opportunity_b, co_window_2corner, co_window_broadway_c,
          co_window_broadway_a, co_window_broadway_a, glass_columns_c,
          glass_columns_b, glass_columns_a, glass_columns_b,
          gammafunk_ghost_wrathful_warriors, minmay_misc_feat_rugged
D:12:     layout_loops_ring
D:13:     minmay_the_grid_octo_2x2 [minmay_the_grid_octo_checkered,
          minmay_the_grid_octo_clover, minmay_the_grid_octo_tetromino_candy,
          minmay_the_grid_octo_prize_big_c], layout_rooms,
          grunt_vaults_entry_fortified, special_room [special_room_bee],
          kennysheep_treasure_room, uniq_snorg
D:14:     layout_cave_pools, chequers_serial_rivers_small_3
D:15:     gammafunk_depths_entry_grave, layout_loops_corners,
          kennysheep_crisscross, serial_shops, shop
Lair:1:   layout_regular_city, uniq_erica, uniq_joseph
Lair:2:   layout_hall_layers, skrybe_swamp_entry_bodies,
          nicolae_quartered_pool_super, uniq_urug, uniq_sonja, uniq_fannar
Lair:3:   layout_small_grid, gammafunk_ghost_ooze, pond, grunt_megastairs_1,
          serial_bayou_shore_b, lemuel_fruit_fields, infiniplex_staircase_pool,
          lemuel_fruit_tree
Lair:4:   layout_regular_city, spider_nest_entry_rubble, beast_lair_carwin_6,
          grunt_megastairs_5
Lair:5:   layout_concentric_octagons
Lair:6:   wormcave, layout_hall_layers, guppyfry_lair_end_dragon, slime_altar_1,
          lemuel_oklob_altar, infiniplex_staircase_pool_2, grunt_megastairs_3
Swamp:1:  layout_basic_swamp, serial_swamp_ruin, evilmike_swamp_ruin_rubble_1,
          evilmike_swamp_ruin_rubble_2
Swamp:2:  layout_basic_swamp, evilmike_swamp_ruin_house_5
Swamp:3:  layout_falls_marsh, hangedman_swamp_ruin_hall, swamp_pool1
Swamp:4:  swamp_old_school, layout_basic_swamp
Orc:1:    layout_caves
Orc:2:    grunt_orc_community_town_hall, layout_caves,
          grunt_orc_community_big_house_1, grunt_orc_community_big_house_1,
          grunt_orc_community_house_3, grunt_orc_community_house_1,
          grunt_orc_community_house_3, grunt_orc_community_house_1,
          grunt_orc_community_house_2, basic_altar

Skill      XL: |  1  2  3  4  5  6  7  8  9 10 11 12 13 14 15 16 |
---------------+-------------------------------------------------+-----
Axes           | 4 5 6 7 9 11 13 16 18 19 21 22 23 | 23.5
Fighting       | 4 8 11 12 14 17 19 | 19.8
Armour         | 3 8 11 12 13 15 16 17 | 17.0
Dodging        | |  2.4

Action                   |  1- 3 |  4- 6 |  7- 9 | 10-12 | 13-15 | 16-18 || total
-------------------------+-------+-------+-------+-------+-------+-------++-------
Melee: Hand axe          |    49 |    21 |       |       |       |       ||    70
       Headbutt          |     7 |     7 |    40 |    99 |   142 |    30 ||   325
       War axe           |       |    37 |   228 |   224 |    17 |    14 ||   520
       Executioner's axe |       |       |       |   214 |   763 |   228 ||  1205
       Quarterstaff      |       |       |       |       |    16 |       ||    16
Invok: Berserk           |     2 |     3 |     1 |     2 |     5 |       ||    13
       Trog's Hand       |       |     1 |     1 |     1 |     6 |       ||     9
       Brothers in Arms  |       |       |       |       |     3 |       ||     3
  Use: Scroll            |       |       |    12 |     1 |    24 |     1 ||    38
       Potion            |       |       |       |       |     6 |     4 ||    10
 Stab: Sleeping          |       |     1 |       |       |       |       ||     1
       Petrified         |       |       |       |       |     1 |       ||     1
Armor: Animal skin       |     7 |    14 |       |       |       |       ||    21
       Leather armour    |       |     3 |    13 |       |       |       ||    16
       Ring mail         |       |       |    16 |   149 |       |       ||   165
       Scale mail        |       |       |    31 |       |   147 |   110 ||   288
       Chain mail        |       |       |    18 |    28 |       |       ||    46
       Fire dragon scale |       |       |       |    29 |       |       ||    29
       Plate armour      |       |       |       |     5 |   393 |       ||   398
Dodge: Dodged            |    41 |    31 |    97 |   208 |   438 |   150 ||   965

Table legend: (Time is in decaauts)
 A = Elapsed time spent in this place.
 B = Non-inter-level travel time spent in this place.
 C = Inter-level travel time spent in this place.
 D = Time resting spent in this place.
 E = Time spent auto-exploring this place.
 F = Levels seen in this place.
 G = Mean time per level.
                   A        B        C        D        E       F      G
               +--------+--------+--------+--------+--------+-----+--------+
         Total |  32507 |  31129 |   1378 |   4714 |  21582 |  28 | 1161.0 |
       Dungeon |  19271 |  18545 |    726 |   3165 |  12378 |  15 | 1284.7 |
          Lair |   7472 |   7015 |    457 |    634 |   5385 |   6 | 1245.3 |
         Swamp |   3680 |   3607 |     73 |    669 |   2508 |   4 |  920.0 |
  Orcish Mines |   1836 |   1715 |    121 |    246 |   1150 |   2 |  918.0 |
       Ossuary |    247 |    247 |      0 |      0 |    159 |   1 |  247.0 |
               +--------+--------+--------+--------+--------+-----+--------+

Top non-repeatable levels by time:
    D:13: 2361 daAuts
  Lair:6: 2311 daAuts
    D:12: 1732 daAuts
    D:15: 1712 daAuts
    D:14: 1541 daAuts
    D:11: 1470 daAuts
 Swamp:1: 1381 daAuts
   Orc:2: 1347 daAuts
     D:1: 1275 daAuts
     D:5: 1234 daAuts
    D:10: 1230 daAuts
  Lair:2: 1220 daAuts
  Lair:4: 1203 daAuts
  Lair:3: 1200 daAuts
     D:9: 1157 daAuts
